 Dungeon Crawl Stone Soup version 0.31-a0-640-g39d97e502b (webtiles) character file.

Game seed: 11991723016291441329

85 subawu the Poker (level 4, 0/37 HPs)
             Began as a Merfolk Chaos Knight on Aug 28, 2023.
             Was a Plaything of Xom.
             Slain by a gnoll
             ... wielding a +0 halberd
              (1 damage)
             ... on level 3 of the Dungeon.
             The game lasted 00:10:57 (2615 turns).

subawu the Poker (Merfolk Chaos Knight)             Turns: 2615, Time: 00:10:57

Health: 0/37       AC:  9    Str: 12    XL:     4   Next: 48%
Magic:  4/4        EV:  7    Int: 13    God:    Xom [..*...]
Gold:   128        SH:  0    Dex: 13    Spells: 3/3 levels left

rFire   . . .        a - +0 spear (chaos)
rCold   . . .        (no shield)
rNeg    . . .        h - +0 chain mail
rPois   .            (no helmet)
rElec   .            (no cloak)
rCorr   .            k - +0 pair of gloves
SInv    .            (no boots)
Will    .....        (no amulet) Stlth
                     (no ring)
HPRegen 0.26/turn    (no ring)
MPRegen 0.09/turn

%: no passive effects
@: no status effects
A: (nimble swimmer 2), mertail
a: Renounce Religion


You were on level 3 of the Dungeon.
You worshipped Xom.
You were a toy of Xom.
You visited 1 branch of the dungeon, and saw 3 of its levels.

You collected 128 gold pieces.

Inventory:

Hand Weapons
 a - a +0 spear of chaos (weapon)
 f - a +0 club
 m - a +0 longbow
Missiles
 j - 42 stones
Armour
 b - a +2 leather armour
 h - a +0 chain mail (worn)
 i - a +0 scale mail
 k - a +0 pair of gloves (worn)
Jewellery
 s - a +6 ring of intelligence
Talismans
 d - a talisman of death
Scrolls
 c - a scroll of butterflies
 l - a scroll of torment {unknown}
 n - a scroll of revelation {unknown}
 p - a scroll of fear
 q - 2 scrolls of identify {unknown}
Potions
 e - a potion of lignification {unknown}
 g - a potion of attraction {unknown}
 o - a potion of heal wounds {unknown}
 r - a potion of magic {unknown}


   Skills:
 + Level 4.0 Fighting
 + Level 4.8 Polearms
 + Level 1.5 Armour
 + Level 3.7 Dodging


You had 3 spell levels left.
You didn't know any spells.
Your spell library contained the following spells:

 Spells                   Type           Power      Damage    Failure   Level
 Sublimation of Blood     Necr           0%         N/A       100%        2
 Petrify                  Tmut/Erth      0%         N/A       100%        4
 Irradiate                Conj/Tmut      0%         3d11      100%        5


Dungeon Overview and Level Annotations

Branches:
Dungeon (3/15)

Altars:
Makhleb
Qazlal
Trog
Yredelemnul

Shops:
D:1 :


Innate Abilities, Weirdness & Mutations

((You are very nimble when in or above water. (Stealth+, EV+, Speed+++)))
Your lower body shifts to a powerful aquatic tail in water.


Message History

The goblin closely misses you.
A kobold comes into view. It is wielding a +0 dagger.
The gnoll hits you with a +0 club. The gnoll hits you but does no damage.
You hit the gnoll.
The gnoll is heavily wounded.
The goblin hits you but does no damage.
A kobold comes into view. It is wielding a +0 short sword.
The gnoll hits you with a +0 club. The gnoll hits you with a +0 club!
The goblin hits you but does no damage.
You closely miss the gnoll.
The gnoll is heavily wounded.
The goblin hits you with a +0 club.
A kobold comes into view. It is wielding a +2 dagger of venom.
The gnoll hits you but does no damage. The gnoll hits you with a +0 club.
* * * LOW HITPOINT WARNING * * *
The goblin hits you but does no damage.
The kobold shouts!
You hit the gnoll. You freeze the gnoll.
The gnoll is almost dead.
You hear a shout!
The goblin hits you but does no damage.
A hobgoblin comes into view.
The gnoll closely misses you. The gnoll hits you but does no damage.
You barely miss the gnoll.
The gnoll is almost dead.
The hobgoblin shouts!
You hear a shout!
The goblin hits you but does no damage.
You hit the gnoll.
You kill the gnoll!
The goblin hits you with a +0 club.
* * * LOW HITPOINT WARNING * * *
The goblin shoots a sling bullet.
The sling bullet hits you.
* * * LOW HITPOINT WARNING * * *
The gnoll hits you with a +0 club.
* * * LOW HITPOINT WARNING * * *
You hit the goblin but do no damage.
A gnoll comes into view. It is wielding a +0 halberd.
The gnoll hits you from afar with a +0 halberd.
You die...
Xom bursts into laughter!

................†................
~..~.~~~~~~~~~~~.~.~~~.~~.~~.~~.~
~~≈~~~~~~≈~≈~~~~~~~~≈~~~~~≈~~~~~~
~≈≈≈≈≈≈≈~≈~~≈≈≈≈≈≈≈≈≈≈~~≈≈≈≈≈≈≈≈≈
~≈≈≈≈≈≈≈≈~≈≈≈≈≈≈≈≈≈≈≈~#####≈≈≈≈≈≈
####################### #≈≈≈≈≈≈
.......#..............# #≈≈≈≈≈≈
......)'.......gg.g...# #≈≈≈≈≈≈
########.......g@ggK..# ##≈≈≈≈≈≈
#..........########K.... #≈≈≈≈≈≈≈
'..........#


gK. #≈≈≈≈≈≈≈ #..........######## g #≈≈≈≈≈≈≈ ########........... '##≈≈≈≈≈≈
.....).'........).. #≈≈≈≈≈≈ .......#........... #≈≈≈≈≈≈ #######################
#≈≈≈≈≈# ≈≈≈≈≈≈≈≈≈≈≈≈≈≈≈≈≈≈≈≈≈≈#####≈≈≈≈## You could see 3 gnolls, 2 hobgoblins,
3 goblins and 3 kobolds.

Vanquished Creatures
  A gnoll (D:3)
  An adder (D:2)
  An ufetubus (D:2)
  An orc (D:3)
  5 ball pythons
  2 endoplasms
  3 giant cockroaches
  11 goblins
  5 hobgoblins
  7 jackals
  4 quokkas
  5 bats
  2 frilled lizards (D:3)
  A kobold (D:1)
  2 rats (D:1)
51 creatures vanquished.

Notes
Turn   | Place    | Note
-------+----------+-------------------------------------------
     0 | D:1      | subawu the Merfolk Chaos Knight began the quest for the
                  | Orb.
     0 | D:1      | Reached XP level 1. HP: 18/18 MP: 1/1
   170 | D:1      | Reached XP level 2. HP: 15/24 MP: 2/2
   278 | D:1      | Reached skill level 1 in Armour
   435 | D:1      | Found Kehewk's Book Shoppe.
   688 | D:1      | Reached XP level 3. HP: 30/30 MP: 3/3
  1055 | D:2      | XOM: 2-stop teleportation journey
  1508 | D:2      | XOM: cloud trail
  1983 | D:3      | Found a stormy altar of Qazlal.
  2037 | D:3      | Found a bloodstained altar of Trog.
  2042 | D:3      | Found a burning altar of Makhleb.
  2073 | D:3      | Found a basalt altar of Yredelemnul.
  2079 | D:3      | Reached XP level 4. HP: 37/37 MP: 4/4
  2614 | D:3      | HP: 1/37 [gnoll/+0 club (5)]
  2615 | D:3      | Slain by a gnoll

Illustrated notes

Levels and vault maps discovered:
D:1:      lightli_arrival_maybe_door_vault, layout_basic, serial_shops, shop
D:2:      layout_loops_ring, grunt_decor_one_mirror,
          kennysheep_cross_bottleneck, minmay_fountain_box
D:3:      minmay_goblin_kobold_castle, layout_basic,
          nicolae_qazlal_general_emergency, mainiacjoe_overflow_six_doors_small,
          grunt_temple_overflow_open, kennysheep_cross_room

Skill      XL: |  1  2  3  4 |
---------------+-------------+-----
Dodging        | 3 |  3.7
Armour         | 1 |  1.5
Fighting       | 4 |  4.0
Polearms       | |  4.8

Action                     |  1- 3 |  4- 6 || total
---------------------------+-------+-------++-------
  Melee: Spear             |   136 |    41 ||   177
         Punch             |     1 |     1 ||     2
         Tailslap          |       |     2 ||     2
    Use: Scroll            |     4 |       ||     4
 Armour: Leather armour    |    23 |       ||    23
         Chain mail        |    43 |    31 ||    74
  Dodge: Dodged            |    91 |    28 ||   119

Table legend: (Time is in decaauts)
 A = Elapsed time spent in this place.
 B = Non-inter-level travel time spent in this place.
 C = Inter-level travel time spent in this place.
 D = Time resting spent in this place.
 E = Time spent auto-exploring this place.
 F = Levels seen in this place.
 G = Mean time per level.
                   A        B        C        D        E       F      G
               +--------+--------+--------+--------+--------+-----+--------+
         Total |   2512 |   2481 |     31 |    173 |   1407 |   3 |  837.3 |
       Dungeon |   2512 |   2481 |     31 |    173 |   1407 |   3 |  837.3 |
               +--------+--------+--------+--------+--------+-----+--------+

Top non-repeatable levels by time:
     D:1: 988 daAuts
     D:2: 874 daAuts
     D:3: 650 daAuts
